cohdb
Replays
Latest Replays
All Replays
Popular Replays
Top Player Replays
Match Explorer
How It Works
Community
CoH3 Stats
Reddit
Sign in to upload your games and track your stats! →
Sign in with Steam
Match 40784411
Unlisted
Match 40784411
Overview
Messages
Build Orders
End
Construct Barracks
Engineer Squad
Riflemen Squad
Selects Heavy Weapons
M1 Mortar Team
Riflemen Squad
Selects M2HB .50cal Heavy Machine Gun
Construct Weapon Support Center
M1919 Machine Gun Team
Riflemen Squad
Air Support Center
.30 cal Machine Gun
Selects Assault Carriers
Bazooka Squad
Grasshopper Recon Run
M1918 Browning Automatic Rifles
Grenade Package
M3 Assault Carrier
Grasshopper Recon Run
P-47 Strafing Run
P-47 Dive Bomb
Selects Exchangeable Parts
.30 cal Machine Gun
Construct Tank Depot
MZMZ
CHINA津门虎
生地绿豆
jerjawe
PLA-storm
Eisenhammer
SED-Kreisleitung
pussytank
0
0
Comments
sign in to comment!
No comments posted yet!